 Dungeon Crawl Stone Soup version 0.29.1-2-gbd0b4ee654 (webtiles) character file.

Game seed: 2253076882398845210

36 cdecastro the Poker (level 3, 0/27 HPs)
             Began as a Demonspawn Gladiator on Nov 11, 2022.
             Frozen to death by an endoplasm (5 damage)
             ... on level 1 of the Dungeon.
             The game lasted 00:00:48 (600 turns).

cdecastro the Poker (Demonspawn Gladiator)           Turns: 600, Time: 00:00:48

Health: 0/27       AC:  4    Str: 16    XL:     3   Next: 19%
Magic:  3/3        EV: 12    Int:  9    God:
Gold:   67         SH:  4    Dex: 14    Spells: 2/2 levels left

rFire   . . .      SeeInvis .   a - +0 trident
rCold   . . .      Faith    .   (no shield)
rNeg    . . .      Spirit   .   b - +0 leather armour
rPois   .          Reflect  .   c - +0 helmet
rElec   .          Harm     .   (no cloak)
rCorr   .          Rampage  .   (no gloves)
Will    .....                   (no boots)
Stlth   +.........              (no amulet)
HPRegen 0.09/turn               (no ring)
MPRegen 0.08/turn               (no ring)

@: no status effects
A: condensation shield, weakness stinger 1
a: no special abilities


You were on level 1 of the Dungeon.
You visited 1 branch of the dungeon, and saw 1 of its levels.

You collected 67 gold pieces.

Inventory:

Hand Weapons
 a - a +0 trident (weapon)
Missiles
 d - 3 throwing nets (quivered)
 e - a javelin
 f - 16 stones
Armour
 b - a +0 leather armour (worn)
 c - a +0 helmet (worn)
Scrolls
 g - 3 scrolls of enchant weapon {unknown}
 h - 2 scrolls of enchant armour {unknown}
 i - a scroll of teleportation {unknown}
 j - a scroll of identify {unknown}


   Skills:
 - Level 2.0 Fighting
 + Level 4.0 Polearms
 - Level 1.7 Throwing
 - Level 2.6 Dodging


You had 2 spell levels left.
You didn't know any spells.
Your spell library was empty.

Dungeon Overview and Level Annotations

Branches:
Dungeon (1/15)

Altars:


Innate Abilities, Weirdness & Mutations

A meltable shield of frost defends you. (SH +4)
You have a small tail.


Message History

A gnoll is nearby!
You completely miss the gnoll. The gnoll barely misses you.
You barely miss the gnoll. The gnoll hits you with a +0 flail.
You hit the gnoll but do no damage. The gnoll hits you with a +0 flail.
You barely miss the gnoll. The gnoll barely misses you.
You closely miss the gnoll. The gnoll hits you with a +0 flail!
* * * LOW HITPOINT WARNING * * *
You hit the gnoll.
The gnoll is lightly wounded.
The gnoll closely misses you.
You closely miss the gnoll.
The gnoll is lightly wounded.
The gnoll misses you.
You puncture the gnoll!
The gnoll is severely wounded.
An endoplasm comes into view.
The gnoll misses you.
You closely miss the gnoll.
The gnoll is severely wounded.
The gnoll hits you with a +0 flail.
* * * LOW HITPOINT WARNING * * *
You hit the gnoll.
You kill the gnoll!
The endoplasm freezes you.
You are frozen.
* * * LOW HITPOINT WARNING * * *
The endoplasm barely misses you.
Your Polearms skill increases to level 4!
You have reached level 3!
Your experience leads to an increase in your attributes!
Increase (S)trength, (I)ntelligence, or (D)exterity?
You feel stronger. x2
You feel monstrous as your demonic heritage exerts itself.
Your demonic ancestry asserts itself...
You grow a small tail.
You barely miss the endoplasm. You tail-slap the endoplasm.
The endoplasm is severely wounded.
The endoplasm freezes you.
You are frozen.
You die...

............##.#..#
...≈≈≈≈≈...## ....##
...≈≈≈≈≈...# .....###.
#...≈≈≈...### #.......
#...≈≈≈...#.###.#..##..
##...≈...##..†.........
##...≈...#.####)#####..
.##.....##.# #J#####...
..#.....##.# #.@)....#
..##...###.# #########
#.##...#...#
...#...###.#
...#'''#...##
...#...#....#
))....####..#
.)...#####..#
............#


You could see an endoplasm.

Vanquished Creatures
  2 gnolls (D:1)
  A dart slug (D:1)
  A bat (D:1)
  2 endoplasms (D:1)
  2 goblins (D:1)
  3 kobolds (D:1)
  A quokka (D:1)
  2 ball pythons (D:1)
  2 rats (D:1)
16 creatures vanquished.

Notes
Turn   | Place    | Note
-------+----------+-------------------------------------------
     0 | D:1      | cdecastro the Demonspawn Gladiator began the quest for the
                  | Orb.
     0 | D:1      | Reached XP level 1. HP: 16/16 MP: 1/1
    37 | D:1      | Reached skill level 3 in Polearms
    37 | D:1      | Gained mutation: A meltable shield of frost defends you.
                  | (SH +4) [demonic ancestry]
    37 | D:1      | Reached XP level 2. HP: 6/22 MP: 2/2
   600 | D:1      | Reached skill level 4 in Polearms
   600 | D:1      | Discovered your monstrous ancestry.
   600 | D:1      | Gained mutation: You have a small tail. [demonic ancestry]
   600 | D:1      | Reached XP level 3. HP: 5/27 MP: 3/3
   600 | D:1      | Frozen to death by an endoplasm

Illustrated notes

Levels and vault maps discovered:
D:1:      lemuel_arrival_funnel, layout_loops_cross

Skill      XL: |  1  2 |
---------------+-------+-----
Polearms       | 3 4 |  4.0
Fighting       | |  2.0
Throwing       | |  1.7
Dodging        | |  2.6

Action                   || total
-------------------------++-------
Melee: Trident           ||    49
       Tailslap          ||     1
 Stab: Sleeping          ||     1
Armor: Leather armour    ||     7
Dodge: Dodged            ||    20
Block: Other             ||     2
